AoeStats
← Hannibal Lecter

Arabia

504819668Analyzed
1v1 RM · 26d ago on Sep 6, 2026· 59m 38s· 2 players
Game mode
Random Map
Map size
Tiny (2 player)
Population
200
Speed
Normal
Resources
Standard
Victory
Conquest
Starting age
Dark Age
Ending age
Imperial Age
RankedLock teamsTeams togetherTeam positionsShared explorationLock speedFull tech treeHidden civsTurbo modeCheats
Victory
Defeat
🇷🇺 Poles · Russia
856
+16
🇧🇪 Ethiopians · Belgium
851
-16
ikkekieken
7:17 Loom
9:26 Feudal Age
10:35 Double-Bit Axe
17:09 Fletching
17:20 Padded Archer Armor
19:39 Horse Collar
23:57 Gold Mining
27:04 Castle Age
27:22 Wheelbarrow
26:33 Town Watch
28:32 Squires
28:08 Crossbowman
30:01 Thumb Ring
35:30 Leather Archer Armor
35:45 Bodkin Arrow
38:02 Bow Saw
40:06 Heavy Plow
42:32 Scale Mail Armor
42:42 Forging
44:53 Hand Cart
47:58 Imperial Age
45:46 Hand Cart
46:19 Ballistics
45:57 Murder Holes
46:40 Stone Mining
48:49 Gold Shaft Mining
48:16 Light Cavalry
49:26 Bracer
49:57 Ring Archer Armor
49:44 Chain Mail Armor
51:59 Conscription
52:32 Halberdier
57:44 Arbalester
Hannibal Lecter
0:29 Loom
12:30 Feudal Age
13:51 Wheelbarrow
13:04 Double-Bit Axe
21:45 Castle Age
19:54 Horse Collar
21:06 Fletching
22:06 Scale Barding Armor
22:41 Bloodlines
23:20 Bow Saw
23:26 Heavy Plow
23:39 Husbandry
24:31 Forging
26:24 Hand Cart
27:09 Light Cavalry
28:59 Chain Barding Armor
30:13 Iron Casting
30:57 Gold Mining
32:16 Stone Mining
35:41 Stone Shaft Mining
35:21 Bodkin Arrow
37:06 Szlachta Privileges
38:06 Padded Archer Armor
39:07 Leather Archer Armor
38:40 Elite Skirmisher
41:52 Town Watch
43:08 Town Patrol
49:35 Scale Mail Armor
50:14 Murder Holes
50:30 Masonry
51:17 Chain Mail Armor
54:15 Imperial Age
54:20 Cavalier
55:26 Conscription
55:31 Lechitic Legacy
55:53 Hoardings
55:40 Winged Hussar
58:13 Blast Furnace
60:06 Bracer
Connection lost

Rejoining the realm…

Still unreachable

The connection could not be restored.

Session expired

The server has moved on; the page needs a fresh start.